 Dungeon Crawl Stone Soup version 0.30-b1-2-g02819fbbbe (webtiles) character file.

Game seed: 15940253063124010804

1006 Ashen the Chopper (level 8, 0/71 HPs)
             Began as a Hill Orc Monk on June 25, 2023.
             Was a Believer of Beogh.
             Succumbed to a gnoll sergeant's poison
             ... on level 6 of the Dungeon.
             The game lasted 00:11:49 (5204 turns).

Ashen the Chopper (Hill Orc Monk)                   Turns: 5204, Time: 00:11:50

Health: 0/71       AC: 17    Str: 16    XL:     8   Next: 20%
Magic:  8/8        EV:  6    Int: 10    God:    Beogh [**....]
Gold:   384        SH:  0    Dex: 13    Spells: 7/7 levels left

rFire   . . .        t - +0 battleaxe
rCold   . . .        (shield currently unavailable)
rNeg    . . .        u - +0 plate armour
rPois   .            p - +2 hat
rElec   .            a - scarf {repulsion}
rCorr   .            d - +2 pair of gloves
SInv    .            (no boots)
Will    .....        (no amulet) Stlth
                     (no ring)
HPRegen 0.31/turn    (no ring)
MPRegen 0.11/turn

%: repel missiles
@: lethally poisoned (0 -> -10)
A: no striking features
a: Renounce Religion, Smiting


You were on level 6 of the Dungeon.
You worshipped Beogh.
Beogh was pleased with you.
You visited 1 branch of the dungeon, and saw 6 of its levels.

You collected 384 gold pieces.

Inventory:

Hand Weapons
 l - a +1 dagger of venom
 t - a +0 battleaxe (weapon)
Armour
 a - a scarf of repulsion (worn)
 d - a +2 pair of gloves (worn)
 o - a +2 cloak
 p - a +2 hat (worn)
 u - a +0 plate armour (worn)
Scrolls
 c - 3 scrolls of silence
 f - a scroll of butterflies
 h - 3 scrolls of teleportation
 j - 7 scrolls of identify
 q - a scroll of enchant armour
Potions
 b - a potion of heal wounds {unknown}
 e - a potion of cancellation {unknown}
 g - 3 potions of curing
 i - a potion of lignification {unknown}
 k - a potion of degeneration {unknown}
 m - 3 potions of might {unknown}
 n - a potion of berserk rage


   Skills:
 + Level 6.6 Fighting
 + Level 7.2 Axes
 + Level 4.8 Armour
 + Level 4.5 Dodging


You had 7 spell levels left.
You didn't know any spells.
Your spell library was empty.

Dungeon Overview and Level Annotations

Branches:
Dungeon (6/15)             Temple (0/1) D:4

Altars:
Wu Jian
Beogh


Message History

You are more poisoned.
You hit the gnoll sergeant but do no damage.
You feel extremely sick.
The gnoll hits you from afar with a +0 spear!
The gnoll sergeant hits you but does no damage.
You are more poisoned.
You hit the gnoll sergeant but do no damage.
You feel very sick.
The gnoll hits you from afar with a +0 spear.
The gnoll sergeant hits you with a +1 spear of venom.
You are more poisoned.
The gnoll sergeant hits you but does no damage.
The gnoll barely misses you.
You hit the gnoll sergeant.
The gnoll sergeant is lightly wounded.
You feel extremely sick.
The gnoll hits you from afar with a +0 spear.
The gnoll sergeant hits you with a +1 spear of venom.
The gnoll sergeant attacks as you move away!
The gnoll sergeant hits you but does no damage.
You are more poisoned.
A gnoll comes into view. It is wielding a +0 whip.
You feel very sick.
The gnoll shouts!
The gnoll sergeant hits you but does no damage.
You are lethally poisoned!
* * * LOW HITPOINT WARNING * * *
You feel extremely sick.
* * * LOW HITPOINT WARNING * * *
You feel very sick. The gnoll closely misses you.
The gnoll attacks as you move away! The gnoll barely misses you.
* * * LOW HITPOINT WARNING * * *
You feel very sick.
There is a stone staircase leading up here.
It was a potion of curing.
You feel better.
The gnoll sergeant hits you from afar with a +1 spear of venom!
* * * LOW HITPOINT WARNING * * *
You are lethally poisoned!
You die...

#.# ..# #.# ..#
#.#...# #.#... #
#... # ...#######.#
.####
...........##......
#..@.ggg...#
#..g#.###.##
#.....# # #.....#
....##.| ..... ##.#
#.###. .. #. .. #.#


You could see a gnoll sergeant and 3 gnolls.

Vanquished Creatures
  The ghost of Drakonis1988 the Cleaver, a novice MiBe of Trog (D:5)
  An ice beast (D:4)
  A sky beast (D:4)
  An orc warrior (D:5)
  A scorpion (D:4)
  3 hounds
  Jessica (D:2)
  An iguana (D:5)
  An orc wizard (D:4)
  A sleepcap (D:5)
  Robin (D:2)
  3 gnolls (D:2)
  8 adders
  A white imp (D:5)
  An ufetubus (D:4)
  5 worms
  12 orcs
  8 ball pythons
  6 endoplasms
  3 giant cockroaches
  16 goblins
  13 hobgoblins
  8 jackals
  5 kobolds
  4 quokkas
  2 bats
  2 frilled lizards (D:3)
  6 rats
116 creatures vanquished.

Vanquished Creatures (others)
  3 orcs (D:5)
3 creatures vanquished.

Grand Total: 119 creatures vanquished

Notes
Turn   | Place    | Note
-------+----------+-------------------------------------------
     0 | D:1      | Ashen the Hill Orc Monk began the quest for the Orb.
     0 | D:1      | Reached XP level 1. HP: 19/19 MP: 1/1
   341 | D:1      | Reached XP level 2. HP: 25/27 MP: 2/2
   480 | D:1      | Reached skill level 1 in Armour
   564 | D:1      | Found a faded altar of an unknown god.
   581 | D:1      | Reached XP level 3. HP: 33/33 MP: 3/3
  1109 | D:2      | Reached XP level 4. HP: 4/41 MP: 4/4
  1277 | D:2      | Noticed Jessica
  1277 | D:2      | Noticed Robin
  1620 | D:2      | Killed Jessica
  1621 | D:2      | Reached skill level 5 in Axes
  1621 | D:2      | Reached XP level 5. HP: 36/47 MP: 5/5
  2174 | D:2      | Killed Robin
  3391 | D:4      | Found an ornate altar of the Wu Jian Council.
  3541 | D:4      | Reached skill level 5 in Fighting
  3541 | D:4      | Reached XP level 6. HP: 56/56 MP: 6/6
  3698 | D:4      | Found a staircase to the Ecumenical Temple.
  3855 | D:4      | Noticed a sky beast
  3876 | D:4      | Killed a sky beast
  3877 | D:4      | Reached skill level 6 in Axes
  3882 | D:4      | Reached XP level 7. HP: 49/61 MP: 7/7
  4194 | D:5      | Entered Level 5 of the Dungeon
  4420 | D:5      | Found a runed translucent gate.
  4423 | D:5      | Noticed Drakonis1988's ghost (novice MiBe)
  4424 | D:5      | Found a runed translucent gate.
  4424 | D:5      | Identified the +0 ring mail of Apathy {Harm Rampage}
  4426 | D:5      | Found a runed translucent gate.
  5021 | D:5      | Found a roughly hewn altar of Beogh.
  5056 | D:5      | Became a worshipper of Beogh the Brigand
  5056 | D:5      | Reached * piety under Beogh
  5056 | D:5      | Reached ** piety under Beogh
  5085 | D:5      | Killed Drakonis1988's ghost
  5086 | D:5      | Reached skill level 7 in Axes
  5086 | D:5      | Reached XP level 8. HP: 49/71 MP: 8/8
  5203 | D:6      | HP: 3/71 [gnoll sergeant/+1 spear of venom (10)]
  5204 | D:6      | Succumbed to a gnoll sergeant's poison

Illustrated notes

Levels and vault maps discovered:
D:1:      dpeg_arrival_erosion, layout_basic,
          shapermc_ecumenical_altar_starsandcircs
D:2:      layout_basic, hangedman_decor_riveting, uniq_jessica, uniq_robin
D:3:      layout_basic
D:4:      layout_loops_cross, mainiacjoe_overflow_six_doors_small,
          lemuel_temple_firewalk_b, minmay_diced_spiral
D:5:      layout_rooms, biasface_ghost_orc_armoury
D:6:      layout_basic, nicolae_hepliaklqana_hazy_memory, grunt_gozag_statues,
          ebering_ghost_rock_garden, serial_shops, nicolae_shop_window_shopping,
          portal_sewer_entry_e

Skill      XL: |  1  2  3  4  5  6  7 |
---------------+----------------------+-----
Armour         | 1 2 3 4 |  4.8
Fighting       | 4 5 6 |  6.6
Dodging        | 3 4 |  4.5
Axes           | 5 6 7 |  7.2

Action                     |  1- 3 |  4- 6 |  7- 9 || total
---------------------------+-------+-------+-------++-------
  Melee: Hand axe          |    59 |       |       ||    59
         Dagger            |    22 |   196 |   116 ||   334
         Battleaxe         |       |       |    17 ||    17
 Invoke: Convert to Beogh  |       |       |     1 ||     1
    Use: Potion            |     1 |       |     1 ||     2
         Scroll            |       |     5 |     2 ||     7
 Armour: Robe              |    14 |    42 |       ||    56
         Ring mail         |       |    13 |    34 ||    47
         Plate armour      |       |       |    48 ||    48
         Scale mail        |       |       |     7 ||     7
  Dodge: Dodged            |    46 |   141 |    84 ||   271
